AoeStats
← Hamza Khan

Highland

504321454Analyzed
4v4 RM · 28d ago on Sep 4, 2026· 106m 27s· 8 players
Game mode
Random Map
Map size
Large (8 player)
Population
200
Speed
Normal
Resources
Standard
Victory
Conquest
Starting age
Dark Age
Ending age
Imperial Age
RankedLock teamsTeams togetherTeam positionsShared explorationLock speedFull tech treeHidden civsTurbo modeCheats
Victory
Defeat
🇺🇸 Lithuanians · United States
956
+40
🇨🇱 Magyars · Chile
954
+16
🇺🇸 Huns · United States
935
+17
🇲🇽 Spanish · Mexico
927
+17
🇫🇷 Japanese · France
998
-17
967
-17
🇸🇪 Burgundians · Sweden
937
-16
🇷🇺 Slavs · Russia
936
-16
Mario Monti per l'Italia
6:58 Loom
13:10 Feudal Age
18:59 Castle Age
20:27 Double-Bit Axe
25:33 Elite Skirmisher
26:47 Fletching
33:18 Imperial Age
30:52 Gold Mining
33:33 Wheelbarrow
32:43 Town Watch
33:32 Cavalier
34:12 Husbandry
35:54 Conscription
36:31 Gold Shaft Mining
36:09 Bow Saw
36:38 Scale Barding Armor
36:45 Forging
36:36 Padded Archer Armor
39:12 Hand Cart
40:14 Chemistry
39:35 Ballistics
39:18 Stone Mining
39:48 Leather Archer Armor
39:54 Chain Barding Armor
39:03 Paladin
40:03 Pikeman
40:43 Squires
43:25 Plate Barding Armor
43:25 Iron Casting
43:32 Scale Mail Armor
43:36 Halberdier
44:17 Squires
44:02 Gambesons
45:04 Fortified Wall
45:00 Siege Engineers
44:51 Murder Holes
46:34 Blast Furnace
46:47 Fervor
47:14 Arson
48:45 Chivalry
48:06 Elite Throwing Axeman
49:33 Bodkin Arrow
49:54 Chain Mail Armor
50:46 Caravan
53:11 Town Patrol
53:56 Plate Mail Armor
53:47 Clinker Construction
73:18 Man-at-Arms
74:58 Demolition Ship
75:55 Medium Warships
75:59 Siphons
79:13 Heavy Warships
Anne d'autriche
6:23 Loom
11:57 Feudal Age
10:26 Loom
12:39 Double-Bit Axe
13:33 Wheelbarrow
12:48 Fishing Lines
13:50 Gold Mining
18:55 Scale Mail Armor
19:44 Forging
23:54 Castle Age
21:51 Arson
22:40 Man-at-Arms
24:48 Gillnets
24:36 Long Swordsman
25:28 Squires
26:36 Gambesons
29:36 Chain Mail Armor
29:57 Iron Casting
34:13 Gold Shaft Mining
34:10 Bow Saw
35:07 Pikeman
41:36 Stone Mining
41:49 Fletching
44:31 Ballistics
48:22 Imperial Age
46:08 Hand Cart
47:17 Demolition Ship
48:43 Bodkin Arrow
49:29 Conscription
50:11 Bracer
51:41 Caravan
54:32 Two-Man Saw
58:51 Hoardings
64:28 Plate Mail Armor
65:12 Horse Collar
77:41 Halberdier
Hamza Khan
0:33 Loom
10:53 Feudal Age
9:45 Double-Bit Axe
11:28 Horse Collar
12:39 Wheelbarrow
13:07 Bow Saw
13:48 Heavy Plow
19:36 Castle Age
17:53 Stone Mining
17:58 Gold Mining
19:11 Stone Shaft Mining
19:54 Gold Shaft Mining
20:31 Hand Cart
21:20 Squires
23:25 Two-Man Saw
26:07 Fishing Lines
29:40 Imperial Age
28:15 Crop Rotation
27:52 Gillnets
28:20 Pikeman
29:01 Squires
28:46 Arson
28:54 Town Watch
29:16 Elite Skirmisher
36:36 Halberdier
37:56 Conscription
38:40 Chemistry
40:36 Forging
40:27 Scale Mail Armor
41:25 Burgundian Vineyards
41:25 Padded Archer Armor
41:15 Fletching
42:01 Iron Casting
41:33 Scale Barding Armor
42:26 Caravan
42:53 Treadmill Crane
43:30 Leather Archer Armor
43:11 Bodkin Arrow
43:32 Chain Mail Armor
45:19 Town Patrol
46:22 Blast Furnace
45:43 Chain Barding Armor
45:37 Fortified Wall
47:35 Elite Coustillier
52:58 Coinage
52:38 Guilds
52:51 Bracer
57:39 Plate Barding Armor
57:35 Plate Mail Armor
64:21 Arrowslits
67:12 Banking
66:52 Guilds
68:39 Hoardings
67:35 Sappers
73:23 Elite Cannon Galleon
91:20 Husbandry
90:41 Light Cavalry
91:54 Hussar
98:39 Guard Tower
99:01 Masonry
99:12 Bombard Tower
99:04 Clinker Construction
99:05 Careening
99:02 Siphons
98:31 Crossbowman
98:34 Man-at-Arms
100:44 Keep
101:09 Flemish Revolution
Dzuk
10:48 Feudal Age
11:53 Horse Collar
18:40 Castle Age
17:25 Forging
17:32 Gold Mining
17:32 Stone Mining
19:06 Light Cavalry
19:57 Bloodlines
19:48 Husbandry
21:00 Double-Bit Axe
22:30 Bow Saw
22:23 Heavy Plow
24:06 Iron Casting
23:37 Scale Barding Armor
25:29 Wheelbarrow
24:45 Town Watch
24:48 Loom
36:24 Fletching
36:56 Town Patrol
38:40 Hand Cart
42:19 Gold Shaft Mining
45:52 Imperial Age
45:57 Bodkin Arrow
46:23 Chain Barding Armor
46:32 Detinets
48:06 Two-Man Saw
47:39 Crop Rotation
47:11 Capped Ram
48:48 Cavalier
49:54 Siege Ram
50:29 Hussar
53:34 Caravan
55:07 Blast Furnace
54:43 Plate Barding Armor
55:13 Elite Boyar
56:29 Hoardings
56:13 Fortified Wall
56:13 Masonry
56:09 Siege Engineers
67:23 Fishing Lines
79:48 Ballistics
79:32 Scale Mail Armor
81:54 Druzhina
82:28 Chain Mail Armor
84:37 Pikeman
85:20 Halberdier
86:01 Squires
86:33 Plate Mail Armor
90:31 Murder Holes
Alexis angel666
5:42 Loom
12:12 Feudal Age
17:07 Castle Age
32:29 Wheelbarrow
35:31 Imperial Age
32:57 Double-Bit Axe
34:28 Bow Saw
34:03 Horse Collar
35:24 Hand Cart
35:18 Heavy Plow
39:28 Scale Barding Armor
39:34 Forging
41:48 Chain Barding Armor
43:19 Iron Casting
43:21 Plate Barding Armor
44:59 Bloodlines
44:50 Husbandry
47:56 Blast Furnace
48:29 Squires
48:14 Gambesons
47:51 Pikeman
48:20 Town Watch
48:28 Halberdier
49:02 Fletching
49:13 Scale Mail Armor
50:56 Bodkin Arrow
51:16 Chain Mail Armor
51:03 Padded Archer Armor
52:19 Two-Man Saw
51:16 Gold Mining
51:17 Stone Mining
52:59 Stone Shaft Mining
53:13 Plate Mail Armor
52:45 Bracer
53:00 Leather Archer Armor
55:09 Ring Archer Armor
54:28 Cavalier
58:15 Town Patrol
61:02 Ballistics
61:45 Chemistry
62:08 Ballistics
62:00 Fortified Wall
65:27 Elite Cannon Galleon
67:06 Paladin
76:38 Caravan
77:04 Light Cavalry
89:05 Bombard Tower
88:15 Elite Skirmisher
89:00 Thumb Ring
98:50 Arson
Jaimelens
9:59 Loom
13:20 Feudal Age
14:20 Horse Collar
14:28 Double-Bit Axe
17:19 Castle Age
20:19 Heavy Plow
20:43 Bow Saw
23:44 Gold Mining
25:36 Wheelbarrow
27:09 Hand Cart
28:15 Fletching
28:25 Padded Archer Armor
29:48 Gold Shaft Mining
32:10 Imperial Age
29:27 Town Watch
30:01 Thumb Ring
30:52 Ballistics
30:28 Murder Holes
30:30 Bodkin Arrow
32:25 Leather Archer Armor
32:41 Heavy Cavalry Archer
33:58 Parthian Tactics
34:57 Chemistry
33:59 Bracer
35:43 Corvinian Army
36:37 Recurve Bow
37:34 Coinage
37:52 Scale Barding Armor
40:21 Banking
41:44 Elite Magyar Huszar
42:45 Conscription
43:27 Bloodlines
43:17 Husbandry
44:22 Ring Archer Armor
44:12 Chain Barding Armor
44:04 Caravan
44:05 Light Cavalry
45:31 Pikeman
45:56 Arson
46:50 Plate Barding Armor
46:16 Scale Mail Armor
58:50 Hussar
59:04 Halberdier
60:58 Town Patrol
71:40 Two-Man Saw
73:14 Crop Rotation
79:17 Chain Mail Armor
78:48 Treadmill Crane
79:14 Siege Engineers
79:20 Masonry
themattruc
3:42 Loom
10:48 Feudal Age
12:17 Double-Bit Axe
12:14 Horse Collar
20:36 Castle Age
18:54 Gold Mining
18:54 Stone Mining
21:56 Heavy Plow
22:07 Bow Saw
22:35 Stone Shaft Mining
22:37 Wheelbarrow
22:33 Bloodlines
22:26 Husbandry
22:35 Scale Barding Armor
25:09 Fervor
25:20 Sanctity
26:29 Hand Cart
26:16 Town Watch
28:09 Chain Barding Armor
27:39 Fletching
28:00 Forging
32:38 Imperial Age
31:17 Ballistics
30:53 Murder Holes
30:38 Treadmill Crane
31:15 Masonry
34:32 Chemistry
34:09 Plate Barding Armor
34:10 Iron Casting
35:24 Conscription
35:34 Elite Leitis
38:32 Two-Man Saw
38:03 Crop Rotation
39:29 Fortified Wall
39:49 Architecture
40:04 Bodkin Arrow
43:06 Bracer
44:34 Hoardings
58:09 Caravan
62:00 Padded Archer Armor
64:55 Leather Archer Armor
65:03 Elite Skirmisher
65:04 Crossbowman
65:51 Thumb Ring
66:55 Pikeman
67:36 Squires
68:13 Ring Archer Armor
75:57 Scale Mail Armor
75:20 Halberdier
82:15 Guilds
82:39 Coinage
84:42 Tower Shields
86:03 Two-Man Saw
86:24 Banking
87:49 Chain Mail Armor
99:57 Block Printing
John Wayne
0:35 Loom
13:26 Feudal Age
14:53 Wheelbarrow
14:10 Double-Bit Axe
14:09 Horse Collar
14:26 Gold Mining
14:27 Stone Mining
23:30 Castle Age
24:48 Hand Cart
24:59 Bow Saw
26:10 Gold Shaft Mining
27:30 Thumb Ring
28:57 Padded Archer Armor
34:48 Marauders
38:15 Heavy Plow
42:29 Forging
42:26 Scale Barding Armor
44:16 Iron Casting
44:18 Bloodlines
44:08 Husbandry
49:44 Imperial Age
49:39 Chain Barding Armor
49:10 Fletching
49:37 Leather Archer Armor
52:20 Two-Man Saw
51:24 Bodkin Arrow
53:17 Parthian Tactics
53:56 Blast Furnace
54:30 Heavy Cavalry Archer
55:15 Bracer
55:07 Cavalier
56:31 Paladin
58:37 Plate Barding Armor
61:27 Chemistry
60:49 Ballistics
61:35 Chemistry
63:25 Conscription
62:35 Capped Ram
63:28 Siege Ram
64:21 Caravan
66:29 Light Cavalry
71:15 Hussar
102:15 Elite Tarkan
Connection lost

Rejoining the realm…

Still unreachable

The connection could not be restored.

Session expired

The server has moved on; the page needs a fresh start.